 Dungeon Crawl Stone Soup version 0.27-a0-1202-ge72e49191c (webtiles) character file.

Game seed: 14638012587140148784

665 lunkers the Geomancer (level 7, -1/46 HPs)
             Began as a Formicid Earth Elementalist on June 2, 2021.
             Killed by divine providence
             ... invoked by an orc priest
              (15 damage)
             ... on level 5 of the Dungeon.
             The game lasted 00:03:14 (4464 turns).

lunkers the Geomancer (Formicid Earth Elementalist) Turns: 4464, Time: 00:03:15

Health: -1/46      AC:  2    Str: 12    XL:     7   Next: 88%
Magic:  2/14       EV: 12    Int: 17    God:
Gold:   209        SH:  0    Dex: 11    Spells: 10/16 levels left

rFire    . . .     SeeInvis +   g - +0 dagger
rCold    . . .     Faith    .   (no shield)
rNeg     . . .     Spirit   .   c - +0 robe
rPois    .         Reflect  .   (helmet unavailable)
rElec    .         Harm     .   (no cloak)
rCorr    .         Rampage  .   (no gloves)
Will     .....                  (no boots)
Stlth    ++........             (no amulet)
HPRegen  0.15/turn              t - ring of wizardry
MPRegen  0.14/turn              (no ring)

@: no status effects
A: permanent stasis, dig shafts and tunnels, antennae 3, four strong arms
a: Dig, Shaft Self


You were on level 5 of the Dungeon.
You visited 1 branch of the dungeon, and saw 5 of its levels.

You collected 209 gold pieces.

Inventory:

Hand Weapons
 g - a +0 dagger (weapon)
 v - a +2 war axe of freezing
Missiles
 b - 168 stones
 s - 6 atropa-tipped darts
Armour
 c - a +0 robe (worn)
Jewellery
 t - a ring of wizardry (left hand)
Wands
 x - a wand of digging (8)
Scrolls
 a - 2 scrolls of silence {unknown}
 e - a scroll of enchant armour {unknown}
 f - 2 scrolls of fog {unknown}
 h - 2 scrolls of amnesia {unknown}
 i - 4 scrolls of teleportation {unknown}
 l - 4 scrolls of identify {unknown}
 n - a scroll of immolation {unknown}
 o - 3 scrolls of enchant weapon {unknown}
 w - a scroll of blinking {unknown}
Potions
 d - a potion of brilliance {unknown}
 j - a potion of mutation {unknown}
 k - a potion of ambrosia {unknown}
 m - a potion of berserk rage {unknown}
 p - a potion of degeneration {unknown}
 q - a potion of flight {unknown}
 r - a potion of cancellation {unknown}
 u - a potion of lignification {unknown}


   Skills:
 - Level 1.7 Dodging
 - Level 2.4 Stealth
 + Level 5.0 Spellcasting
 - Level 1.1 Transmutations
 * Level 8.7 Earth Magic


You had 10 spell levels left.
You knew the following spells:

 Your Spells              Type           Power      Damage    Failure   Level
a - Stone Arrow           Conj/Erth      38%        3d9       2%          3
b - Passwall              Tmut/Erth      16%        N/A       1%          2
c - Sandblast             Erth           66%        2d15      1%          1

Your spell library contained the following spells:

 Spells                   Type           Power      Damage    Failure   Level
 Lee's Rapid Deconstruct  Erth           16%        3d11*     4%          5
 Animate Skeleton         Necr           8%         N/A       6%          1
 Apportation              Tloc           8%         N/A       6%          1
 Corona                   Hex            4%         N/A       6%          1
 Summon Small Mammal      Summ           16%        N/A       6%          1
 Petrify                  Tmut/Erth      20%        N/A       8%          4


Dungeon Overview and Level Annotations

Branches:
Dungeon (5/15)
 Temple: D:4-7

Altars:
Ashenzari
Fedhas
Hepliaklqana
Nemelex Xobeh
Okawaru
Uskayaw
Wu Jian
Yredelemnul

Shops:
D:4 (


Innate Abilities, Weirdness & Mutations

You cannot be hasted, slowed, berserked, paralysed or teleported.
You can dig through walls and to a lower floor.
You have a pair of large antennae on your head. (SInv)
Your four strong arms can wield two-handed weapons with a shield.


Message History

Aim: an orc wizard, wielding a +0 dagger and wearing a +0 robe (slightly transparent, 77% to hit)
The blast of sand hits the orc wizard.
The orc wizard is heavily wounded.
The orc wizard barely misses you.
Unknown command.
Unknown command.
Casting: Sandblast (safe; 1% risk of failure)
Confirm with . or Enter, or press ? or * to list all spells.
Aiming: Sandblast (safe; 1% risk of failure)
Press: ? - help, Shift-Dir - straight line, f/p - orc wizard
Aim: an orc wizard, wielding a +0 dagger and wearing a +0 robe (heavily wounded, slightly transparent, 77% to hit)
The blast of sand misses the orc wizard.
The blast of sand hits the orc priest!
The orc priest is severely wounded.
* * * LOW MAGIC WARNING * * *
The orc wizard hits you with a +0 dagger.
* * * LOW HITPOINT WARNING * * *
Casting: Sandblast (safe; 1% risk of failure)
Confirm with . or Enter, or press ? or * to list all spells.
Aiming: Sandblast (safe; 1% risk of failure)
Press: ? - help, Shift-Dir - straight line, f/p - orc wizard
Aim: an orc wizard, wielding a +0 dagger and wearing a +0 robe (heavily wounded, slightly transparent, 77% to hit)
The blast of sand hits the orc wizard.
The orc wizard is severely wounded.
* * * LOW MAGIC WARNING * * *
The orc wizard misses you.
Unknown command.
Casting: Sandblast (safe; 1% risk of failure)
Confirm with . or Enter, or press ? or * to list all spells.
Aiming: Sandblast (safe; 1% risk of failure)
Press: ? - help, Shift-Dir - straight line, f/p - orc wizard
Aim: an orc wizard, wielding a +0 dagger and wearing a +0 robe (severely wounded, slightly transparent, 77% to hit)
The blast of sand hits the orc wizard.
The orc wizard is almost dead.
* * * LOW MAGIC WARNING * * *
The orc wizard hits you with a +0 dagger.
* * * LOW HITPOINT WARNING * * *
The orc priest invokes the aid of Beogh against you.
Beogh smites you!
You die...

{ { #######
......#
########.###
#####.#
#.@ooo)....#
#.#
#.######.#.#
#.# #.# #.#
#####.# #.#
#.....# #.#
#.##### #.#
#.# #.# #.#
#.# #.#


You could see an orc priest, an orc wizard (invisible) and an orc.

Vanquished Creatures
  Sigmund (D:2)
  Blork the orc (D:5)
  A scorpion (D:2)
  A centaur zombie (D:4)
  An orc priest (D:4)
  3 orc wizards
  A hound skeleton (D:4)
  7 gnolls (D:3)
  4 adders
  2 adder skeletons (D:4)
  An adder zombie (D:2)
  2 worms (D:3)
  2 dart slugs
  3 orcs (D:4)
  6 endoplasms
  3 giant cockroaches
  8 goblins
  8 hobgoblins
  8 jackals (D:2)
  6 kobolds
  4 quokkas
  7 ball pythons
  4 ball python zombies (D:2)
  5 bats
  3 frilled lizards
  A giant cockroach zombie (D:2)
  A quokka skeleton (D:2)
  A quokka zombie (D:2)
  5 rats
100 creatures vanquished.

Notes
Turn   | Place    | Note
-------+----------+-------------------------------------------
     0 | D:1      | lunkers the Formicid Earth Elementalist began the quest for
                  | the Orb.
     0 | D:1      | Reached XP level 1. HP: 13/13 MP: 3/3
    19 | D:1      | Found a faded altar of an unknown god.
   200 | D:1      | Reached skill level 4 in Earth Magic
   208 | D:1      | Reached XP level 2. HP: 16/19 MP: 0/5
   587 | D:1      | Reached XP level 3. HP: 24/24 MP: 4/6
  1161 | D:2      | Reached skill level 5 in Earth Magic
  1161 | D:2      | Reached XP level 4. HP: 30/30 MP: 5/8
  1232 | D:2      | Noticed Sigmund
  1238 | D:2      | Killed Sigmund
  1239 | D:2      | Reached skill level 6 in Earth Magic
  1239 | D:2      | Reached XP level 5. HP: 35/35 MP: 4/10
  1239 | D:2      | Reached XP level 6. HP: 41/41 MP: 4/11
  1888 | D:2      | Reached skill level 7 in Earth Magic
  2521 | D:3      | Found a broken altar of Ashenzari.
  2725 | D:3      | Found a sparkling altar of Nemelex Xobeh.
  2778 | D:3      | Found an iron altar of Okawaru.
  2788 | D:3      | Reached XP level 7. HP: 46/46 MP: 7/13
  3380 | D:4      | Reached skill level 8 in Earth Magic
  3483 | D:4      | Learned a level 2 spell: Passwall
  3487 | D:4      | Learned a level 3 spell: Stone Arrow
  3535 | D:4      | Found a hazy altar of Hepliaklqana.
  3611 | D:4      | Found Raed's Antique Weapon Emporium.
  3763 | D:4      | Found a blossoming altar of Fedhas.
  4195 | D:4      | Found a hide-covered altar of Uskayaw.
  4198 | D:4      | Found an ornate altar of the Wu Jian Council.
  4199 | D:4      | Found a basalt altar of Yredelemnul.
  4224 | D:5      | Entered Level 5 of the Dungeon
  4293 | D:5      | Noticed Blork the orc
  4297 | D:5      | Killed Blork the orc
  4453 | D:5      | Reached skill level 5 in Spellcasting
  4464 | D:5      | Killed from afar by an orc priest

Illustrated notes

Levels and vault maps discovered:
D:1:      dpeg_arrival_connections, layout_loops_cross, basic_ecumenical_altar
D:2:      layout_loops_corners, serial_undead, serial_undead_d, serial_undead_e,
          serial_undead_f, serial_undead_d, serial_undead_c, serial_undead_f,
          nicolae_underground_beach, uniq_sigmund
D:3:      layout_basic, okawaru_metal_pillars_3, ashenzari_conservatory_becter,
          lemuel_tele_altar
D:4:      layout_basic, marbit_many_paths, minitemple, serial_shops,
          kennysheep_little_box
D:5:      layout_basic, nicolae_overflow_hidden_temple, minmay_misc_feat_rugged,
          uniq_blork_the_orc

Skill      XL: |  1  2  3  4  5  6  7 |
---------------+----------------------+-----
Earth Magic    | 4 5 6 7 8 |  8.7
Spellcasting   | 3 4 5 |  5.0
Dodging        | |  1.7
Stealth        | |  2.4
Transmutations | |  1.1

Action                   |  1- 3 |  4- 6 |  7- 9 || total
-------------------------+-------+-------+-------++-------
Melee: Unarmed           |     8 |       |       ||     8
 Cast: Sandblast         |    34 |    68 |    33 ||   135
       Stone Arrow       |       |       |    17 ||    17
Armor: Robe              |     4 |     2 |     1 ||     7
Dodge: Dodged            |     8 |    15 |     9 ||    32

Table legend: (Time is in decaauts)
 A = Elapsed time spent in this place.
 B = Non-inter-level travel time spent in this place.
 C = Inter-level travel time spent in this place.
 D = Time resting spent in this place.
 E = Time spent auto-exploring this place.
 F = Levels seen in this place.
 G = Mean time per level.
                   A        B        C        D        E       F      G
               +--------+--------+--------+--------+--------+-----+--------+
         Total |   4462 |   4320 |    142 |      0 |   3846 |   5 |  892.4 |
       Dungeon |   4462 |   4320 |    142 |      0 |   3846 |   5 |  892.4 |
               +--------+--------+--------+--------+--------+-----+--------+

Top non-repeatable levels by time:
     D:2: 1313 daAuts
     D:3: 1001 daAuts
     D:1: 995 daAuts
     D:4: 912 daAuts
     D:5: 239 daAuts
